 Dungeon Crawl Stone Soup version 0.23.0 (webtiles) character file.

Game seed: 4365397612258318882

9209 Borgoz the Fighter (level 11, 0/74 HPs)
             Began as a Gargoyle Gladiator on Feb 9, 2019.
             Was a Follower of Ashenzari.
             Slain by an eight-headed hydra (10 damage)
             ... on level 11 of the Dungeon.
             The game lasted 00:18:22 (10853 turns).

Borgoz the Fighter (Gargoyle Gladiator)            Turns: 10853, Time: 00:18:23

Health: 0/74       AC: 13    Str: 18    XL:     11   Next: 42%
Magic:  0/11       EV: 15    Int:  9    God:    Ashenzari [*.....]
Gold:   326        SH:  0    Dex: 14    Spells: 10/10 levels left

rFire    . . .     SeeInvis .   a - +2 dire flail (venom)
rCold    . . .     Gourm    .   (shield currently unavailable)
rNeg     + + .     Faith    .   A - +0 leather armour {rN+}
rPois    ∞         Spirit   +   c - +0 helmet
rElec    +         Reflect  .   o - scarf {Spirit}
rCorr    +         Harm     .   (no gloves)
MR       .....                  (no boots)
Stlth    +.........             (no amulet)
HPRegen  0.22/turn              v - ring of resist corrosion
MPRegen  0.12/turn              (no ring)

@: very slightly contaminated, invisible
A: negative energy resistance 1, electricity resistance, unbreathing,
petrification resistance, rot immunity, AC +8
a: Curse Item, Scrying, Renounce Religion


You were on level 11 of the Dungeon.
You worshipped Ashenzari.
Ashenzari was aware of your devotion.
You were not hungry.

You visited 2 branches of the dungeon, and saw 12 of its levels.

You collected 710 gold pieces.
You spent 384 gold pieces at shops.

Inventory:

Hand Weapons
 a - a +2 dire flail of venom (weapon)
 b - a +0 blowgun
 E - a +0 great mace of venom
 P - the +8 hand axe "Gargoyle's Doom" {vamp, MR+}
   (You bought it in a shop on level 11 of the Dungeon)

   It inflicts no extra harm, but heals its wielder when it wounds a living foe.
   It affects your resistance to hostile enchantments.
Missiles
 d - 5 throwing nets (quivered)
 t - 86 poisoned needles
Armour
 c - a +0 helmet (worn)
 o - a scarf of spirit shield (worn)
 A - a +0 leather armour of positive energy (worn)
 D - a +0 scale mail
Jewellery
 h - an uncursed ring of protection from magic
 v - a ring of resist corrosion (left hand)
 B - a cursed -3 ring of strength
 J - an uncursed ring of positive energy
Wands
 G - a wand of scattershot (4)
 H - a wand of iceblast (25)
 M - a wand of acid (7)
 N - a wand of polymorph (9)
Scrolls
 e - 2 scrolls of noise {unknown}
 g - 7 scrolls of teleportation
 k - 2 scrolls of fog {unknown}
 m - 4 scrolls of amnesia {unknown}
 p - 2 scrolls of random uselessness {unknown}
 r - a scroll of enchant weapon {unknown}
 u - 3 scrolls of immolation {unknown}
 w - a scroll of blinking {unknown}
 y - 5 scrolls of remove curse
 C - a scroll of enchant armour {unknown}
 I - 2 scrolls of identify
Potions
 i - 5 potions of lignification
 j - 2 potions of curing
 l - 2 potions of agility
 n - 3 potions of invisibility
 q - a potion of magic
 s - 5 potions of degeneration
 x - a potion of flight
 z - 3 potions of ambrosia
 K - a potion of berserk rage {unknown}
 L - a potion of heal wounds
Comestibles
 f - 16 rations
 O - a chunk of flesh


   Skills:
 * Level 11.2 Fighting
 * Level 10.6 Maces & Flails
 - Level 1.7 Throwing
 + Level 7.7 Armour
 + Level 6.4 Dodging


You had 10 spell levels left.
You didn't know any spells.
Your spell library contained the following spells:

 Spells                   Type           Power        Failure   Level  Hunger
 Summon Small Mammal      Summ           #...         43%         1    ##.....
 Call Imp                 Summ           #.......     56%         2    ###....
 Call Canine Familiar     Summ           #.......     80%         3    ####...
 Summon Guardian Golem    Hex/Summ       #.......     80%         3    ####...
 Summon Ice Beast         Ice/Summ       #.......     99%         4    #####..
 Summon Lightning Spire   Summ/Air       #.......     99%         4    #####..


Dungeon Overview and Level Annotations

Branches:
Dungeon (11/15)            Temple (1/1) D:7            Lair (0/6) D:9
    Orc: D:9-12

Altars:
Ashenzari
Cheibriados
Dithmenos
Elyvilon
Fedhas
Gozag
Hepliaklqana
Kikubaaqudgha
Makhleb
Nemelex Xobeh
Okawaru
Qazlal
Ru
Sif Muna
Trog
Uskayaw
Vehumet
Wu Jian
Xom
Yredelemnul
Zin
The Shining One

Shops:
D:8 *   D:9 ?   D:11 (

Annotations:
D:3 exclusion: oklob plant
D:9 1 runed translucent door, Ijustatesigmund's ghost, novice HOFi
D:11 1 transporter


Innate Abilities, Weirdness & Mutations

You are resistant to torment.
Your stone body is resilient. (AC +8)
You are immune to poison.
You resist negative energy. (rN+)
You are resistant to electric shocks. (rElec)
You can survive without breathing.
You are immune to petrification.
You are immune to rotting.


Message History

The eight-headed hydra bites you!
* * * LOW HITPOINT WARNING * * *
The eight-headed hydra closely misses you.
The eight-headed hydra barely misses you.
The eight-headed hydra misses you.
The eight-headed hydra closely misses you.
The eight-headed hydra bites you but does no damage.
The eight-headed hydra closely misses you.
You catch the helpless eight-headed hydra completely off-guard!
You sock the eight-headed hydra!
The eight-headed hydra is severely wounded.
You barely miss the eight-headed hydra.
The eight-headed hydra is almost dead.
The eight-headed hydra misses you.
The eight-headed hydra barely misses you.
The eight-headed hydra bites you!
* * * LOW HITPOINT WARNING * * *
The eight-headed hydra bites you but does no damage.
The eight-headed hydra bites you!
You die...

#..... ###.....#
######### ..........#
#........ ...........#
#........ ...........#
#........
...........#####@D......
..........>.............
........................
#...........#####+###...
#...........# ..
#........#### .
#........# #........#
#........#


You could see an eight-headed hydra.

Vanquished Creatures
  Fannar (D:10)
  Harold (D:11)
  A two-headed ogre (D:10)
  A cyclops (D:10)
  An ugly thing (D:11)
  Grinder (D:3)
  A hornet (D:11)
  2 hippogriffs
  4 yaks
  A wraith (D:10)
  3 hogs (D:7)
  A human (D:7)
  2 hungry ghosts (D:10)
  Menkaure (D:5)
  Edmund (D:5)
  A water moccasin (D:9)
  An ice beast (D:10)
  4 orc warriors
  2 sky beasts
  A necrophage (D:4)
  2 phantoms
  3 ogres
  4 centaurs
  4 big kobolds
  A gnoll sergeant (D:5)
  A bullfrog (D:8)
  3 scorpions
  6 jellies
  A howler monkey (D:9)
  2 crimson imps (D:9)
  2 bullfrog zombies (D:5)
  4 hounds
  6 orc wizards
  3 orc priests
  A quasit (D:8)
  A bullfrog skeleton (D:11)
  2 centaur skeletons
  Jessica (D:3)
  2 iguanas
  4 worker ants
  A killer bee zombie (D:8)
  A hound zombie (D:7)
  A hound skeleton (D:4)
  14 gnolls
  14 adders
  4 shadow imps
  2 adder zombies
  4 worms
  4 adder skeletons
  6 leopard geckos
  19 orcs
  3 ball pythons
  5 bats
  6 giant cockroaches
  4 goblins
  10 hobgoblins
  3 jackals (D:8)
  6 quokkas
  4 frilled lizards
  34 kobolds
  5 rats
234 creatures vanquished.

Notes
Turn   | Place    | Note
-------+----------+-------------------------------------------
     0 | D:1      | Borgoz the Gargoyle Gladiator began the quest for the Orb.
     0 | D:1      | Reached XP level 1. HP: 12/12 MP: 1/1
   112 | D:1      | Reached XP level 2. HP: 11/18 MP: 2/2
   549 | D:1      | Reached XP level 3. HP: 22/22 MP: 3/3
   884 | D:2      | Found a hazy altar of Hepliaklqana.
   887 | D:2      | Reached skill level 3 in Fighting
   894 | D:2      | Reached skill level 1 in Armour
  1130 | D:2      | Reached XP level 4. HP: 21/28 MP: 4/4
  1839 | D:3      | Noticed Grinder
  1840 | D:3      | Paralysed by Grinder for 5 turns
  1846 | D:3      | Paralysed by Grinder for 5 turns
  1855 | D:3      | Paralysed by Grinder for 4 turns
  1866 | D:3      | Paralysed by Grinder for 3 turns
  1872 | D:3      | Killed Grinder
  1872 | D:3      | Reached skill level 4 in Fighting
  1872 | D:3      | Reached XP level 5. HP: 27/34 MP: 1/5
  1872 | D:3      | Reached XP level 6. HP: 31/39 MP: 1/6
  1967 | D:3      | Noticed Jessica
  1983 | D:3      | Killed Jessica
  2163 | D:3      | Found a hide-covered altar of Uskayaw.
  2210 | D:3      | Found an iron altar of Okawaru.
  2538 | D:3      | Found a blossoming altar of Fedhas.
  2556 | D:3      | Noticed an oklob plant
  2722 | D:4      | Reached skill level 5 in Fighting
  2722 | D:4      | Reached skill level 5 in Maces & Flails
  2722 | D:4      | Reached XP level 7. HP: 41/44 MP: 7/7
  2756 | D:4      | Found a radiant altar of Vehumet.
  2756 | D:4      | Found a sparkling altar of Nemelex Xobeh.
  4059 | D:5      | Entered Level 5 of the Dungeon
  4240 | D:5      | Reached XP level 8. HP: 46/51 MP: 8/8
  4289 | D:5      | Noticed Edmund
  4350 | D:5      | Reached skill level 6 in Fighting
  4581 | D:5      | Killed Edmund
  4830 | D:5      | Noticed Menkaure
  4835 | D:5      | Killed Menkaure
  5201 | D:6      | Reached skill level 7 in Fighting
  5578 | D:6      | Reached XP level 9. HP: 31/57 MP: 5/9
  6262 | D:7      | Found an opulent altar of Gozag.
  6356 | D:7      | Found a glowing golden altar of the Shining One.
  6383 | D:7      | Found a staircase to the Ecumenical Temple.
  6394 | D:7      | Reached skill level 5 in Armour
  6407 | Temple   | Entered the Ecumenical Temple
  6453 | Temple   | Became a worshipper of Ashenzari the Shackled
  6967 | D:7      | Found a deep blue altar of Sif Muna.
  7163 | D:7      | Reached skill level 8 in Fighting
  7198 | D:7      | Reached skill level 5 in Dodging
  7893 | D:8      | Reached skill level 9 in Fighting
  7893 | D:8      | Reached XP level 10. HP: 61/66 MP: 8/10
  8366 | D:8      | Found Kuwkal's Demolitions Depot.
  8477 | D:8      | Found a snail-covered altar of Cheibriados.
  8607 | D:9      | Found a stormy altar of Qazlal.
  8616 | D:9      | Found Nigi Vau's Magic Scroll Shop.
  8632 | D:9      | Bought a scroll of identify for 24 gold pieces
  8632 | D:9      | Bought a scroll of identify for 24 gold pieces
  8632 | D:9      | Bought 2 scrolls of identify for 48 gold pieces
  8632 | D:9      | Bought a scroll of identify for 24 gold pieces
  9084 | D:9      | Found a sparkling altar of Nemelex Xobeh.
  9197 | D:9      | Found a staircase to the Lair.
  9370 | D:9      | Found a sparkling altar of Nemelex Xobeh.
  9414 | D:9      | Found a runed translucent door.
  9437 | D:9      | Found a shimmering altar of Xom.
  9437 | D:9      | Noticed Ijustatesigmund's ghost (novice HOFi)
  9437 | D:9      | Noticed a +4 war axe of chaos
  9438 | D:9      | Identified the amulet of Wusazod {Harm *Drain Int+3}
  9590 | D:10     | Entered Level 10 of the Dungeon
  9617 | D:10     | Reached skill level 10 in Fighting
  9692 | D:10     | Noticed a two-headed ogre
  9731 | D:10     | Killed a two-headed ogre
  9910 | D:10     | Noticed Fannar
  9927 | D:10     | Killed Fannar
  9927 | D:10     | Reached skill level 10 in Maces & Flails
  9927 | D:10     | Reached XP level 11. HP: 36/73 MP: 9/11
 10183 | D:10     | Reached * piety under Ashenzari
 10397 | D:10     | Noticed a cyclops
 10404 | D:10     | Killed a cyclops
 10562 | D:11     | Found a transporter.
 10615 | D:11     | Found Yguesule's Antique Weapon Shoppe.
 10618 | D:11     | Bought a steaming hand axe for 264 gold pieces
 10669 | D:11     | Noticed a green ugly thing
 10670 | D:11     | Noticed Harold
 10697 | D:11     | Killed a green ugly thing
 10697 | D:11     | Reached skill level 11 in Fighting
 10703 | D:11     | Killed Harold
 10844 | D:11     | Noticed an eight-headed hydra
 10853 | D:11     | Slain by an eight-headed hydra

Skill      XL: |  1  2  3  4  5  6  7  8  9 10 11 |
---------------+----------------------------------+-----
Fighting       | 3 4 5 7 9 10 11 | 11.2
Armour         | 1 2 3 4 5 7 |  7.7
Maces & Flails | 4 5 7 8 10 | 10.6
Dodging        | 3 4 5 6 |  6.4
Throwing       | |  1.7

Action                   |  1- 3 |  4- 6 |  7- 9 | 10-12 || total
-------------------------+-------+-------+-------+-------++-------
Melee: Flail             |   123 |   129 |   150 |       ||   402
       Dire flail        |       |       |   189 |   311 ||   500
Throw: Throwing net      |       |     3 |       |     1 ||     4
  Use: Potion            |       |     2 |     1 |     3 ||     6
       Scroll            |       |       |     5 |     5 ||    10
 Stab: Sleeping          |       |       |     1 |       ||     1
       Held in net/web   |       |       |       |     2 ||     2
       Invisible         |       |       |       |     1 ||     1
  Eat: Chunk             |     1 |     4 |    18 |     4 ||    27
       Ration            |       |       |       |     3 ||     3
Armor: Leather armour    |    50 |    41 |   143 |   137 ||   371
Dodge: Dodged            |   106 |    81 |   273 |   253 ||   713
